Map: Equilibrium LE

Players

beb

  • Race: Protoss Protoss
  • League: Silver
  • Spawn Location: 1:00

demzi - Winner!

  • Race: Zerg Zerg
  • League: Silver
  • Spawn Location: 11:00

VOD

Have the link to the VOD?

Description

Time

  • Played on: March 20, 2024, 5:54 p.m.
  • Length: 10:59
Show
View Real Time Build Order
Export as new Build Order

beb Protoss 

Build Orders:  

Get SALT Encoding   

  12  0:04  Probe (Chrono Boost)  
  13  0:14  Probe (Chrono Boost)  
  14  0:19  Probe (Chrono Boost)  
  15  0:24  Pylon  
  15  0:38  Assimilator  
  16  0:48  Gateway  
  15  0:53  Assimilator  
  15  0:58  Probe (Chrono Boost)  
  16  1:10  Probe (Chrono Boost)  
  17  1:17  Probe (Chrono Boost)  
  18  1:24  Probe  
  19  1:37  Cybernetics Core, Probe  
  20  1:49  Probe  
  20  1:53  Pylon  
  21  2:01  Probe  
  22  2:15  Stargate  
  22  2:16  Stargate  
  22  2:22  Stalker  
  24  2:33  Probe (Chrono Boost)  
  25  2:37  Assimilator  
  26  2:44  Probe (Chrono Boost)  
  26  2:49  Probe (Chrono Boost)  
  27  3:00  Probe  
  28  3:12  Probe  
  29  3:52  Nexus  
  29  3:57  Assimilator  
  29  4:10  Pylon  
  29  4:14  Pylon  
  29  4:20  Pylon  
  37  4:32  Fleet Beacon  
  37  4:33  Void Ray (Chrono Boost)  
  37  4:41  Void Ray (Chrono Boost)  
  37  5:05  Stargate  
  37  5:10  Probe (Chrono Boost)  
  38  5:21  Probe x2 (Chrono Boost)  
  46  5:28  Probe (Chrono Boost)  
  46  5:29  Probe (Chrono Boost)  
  46  5:32  Void Ray  
  46  5:33  Probe (Chrono Boost)  
  47  5:37  Probe  
  52  5:43  Void Ray, Flux Vanes  
  52  5:44  Probe  
  52  5:49  Probe  
  54  5:56  Probe  
  55  6:01  Probe  
  60  6:04  Void Ray  
  60  6:08  Probe  
  61  6:13  Probe  
  62  6:20  Probe  
  62  6:25  Probe  
  68  6:26  Void Ray (Chrono Boost)  
  68  6:28  Pylon  
  68  6:30  Pylon  
  68  6:33  Pylon  
  68  6:35  Pylon  
  68  6:36  Probe (Chrono Boost)  
  68  6:37  Probe (Chrono Boost)  
  70  6:47  Probe (Chrono Boost)  
  75  6:52  Probe  
  79  6:59  Void Ray (Chrono Boost)  
  80  7:02  Void Ray (Chrono Boost)  
  80  7:10  Nexus  
  84  7:20  Void Ray (Chrono Boost)  
  84  7:25  Assimilator  
  84  7:30  Assimilator  
  88  7:43  Void Ray (Chrono Boost)  
  88  7:45  Probe (Chrono Boost)  
  89  7:54  Probe (Chrono Boost)  
  98  7:59  Probe  
  98  8:03  Void Ray x2  
  99  8:11  Probe  
  100  8:24  Probe  
  105  8:29  Void Ray (Chrono Boost), Pylon  
  105  8:32  Pylon  
  105  8:36  Pylon  
  105  8:38  Pylon  
  109  8:43  Void Ray (Chrono Boost)  
  109  8:54  Void Ray (Chrono Boost)  
  113  9:01  Void Ray  
  121  9:18  Void Ray  
  121  9:29  Tempest  
  118  9:38  Tempest  
  89  9:54  Forge  
  89  9:55  Tempest  
  94  10:02  Probe (Chrono Boost)  
  94  10:04  Pylon  
  95  10:07  Pylon  
  95  10:13  Probe (Chrono Boost)  
Show
View Real Time Build Order
Export as new Build Order

demzi Zerg - Winner!

Build Orders: Hatch First 

Get SALT Encoding   

  12  0:00  Drone  
  13  0:12  Overlord  
  13  0:16  Drone  
  14  0:31  Drone x2  
  16  0:50  Hatchery  
  16  0:53  Drone  
  16  0:56  Drone  
  17  1:02  Extractor  
  16  1:10  Drone  
  17  1:16  Spawning Pool  
  16  1:19  Drone  
  16  1:22  Drone  
  18  1:29  Drone  
  19  1:39  Drone  
  20  1:50  Overlord  
  20  2:03  Queen x2  
  20  2:05  Zergling x2  
  20  2:06  Zergling x2  
  26  2:16  Drone x2  
  26  2:22  Drone  
  29  2:23  Metabolic Boost  
  29  2:27  Drone  
  30  2:32  Drone  
  30  2:34  Drone  
  32  2:40  Queen  
  32  2:43  Drone  
  35  2:47  Overlord  
  35  2:55  Extractor  
  35  2:56  Overlord  
  34  3:05  Drone x2  
  35  3:20  Queen  
  35  3:21  Queen  
  35  3:23  Drone x3  
  35  3:24  Drone  
  43  3:37  Spore Crawler  
  43  3:40  Spore Crawler  
  41  3:44  Spore Crawler  
  41  3:47  Drone x3, Spore Crawler  
  42  3:51  Zergling x2  
  42  3:52  Zergling x2  
  44  3:59  Lair  
  44  4:05  Drone x2  
  44  4:06  Drone  
  44  4:08  Drone  
  48  4:15  Drone x2  
  50  4:19  Extractor  
  50  4:20  Extractor  
  48  4:24  Overlord x2  
  48  4:43  Hatchery  
  48  4:45  Drone x3  
  50  4:47  Drone x2  
  50  4:48  Drone  
  50  4:49  Drone  
  50  4:51  Drone  
  55  4:53  Drone  
  55  4:58  Drone  
  57  5:12  Hydralisk Den  
  56  5:16  Overlord x2  
  56  5:17  Overlord  
  56  5:18  Spire  
  55  5:22  Drone x3  
  58  5:29  Drone x4  
  58  5:32  Drone  
  63  5:50  Drone x4, Evolution Chamber  
  63  5:52  Evolution Chamber  
  63  5:53  Drone x4  
  69  5:57  Extractor  
  69  6:00  Extractor  
  66  6:05  Drone x3  
  66  6:09  Spore Crawler  
  67  6:11  Spore Crawler  
  67  6:12  Drone x3  
  68  6:21  Drone  
  68  6:23  Drone x2, Spore Crawler  
  68  6:25  Drone x3  
  73  6:26  Drone  
  73  6:30  Drone  
  73  6:31  Drone x2  
  77  6:34  Overlord x3  
  77  6:54  Overlord x3, Hatchery  
  76  7:05  Hydralisk  
  76  7:06  Hydralisk x7  
  92  7:12  Zerg Missile Weapons Level 1  
  92  7:13  Zerg Ground Armor Level 1  
  92  7:16  Zerg Flyer Weapons Level 1  
  92  7:17  Muscular Augments  
  92  7:30  Overlord x3  
  92  7:31  Overlord  
  92  7:35  Corruptor  
  92  7:36  Corruptor x2  
  98  7:37  Corruptor  
  98  7:40  Corruptor  
  102  7:44  Corruptor  
  104  7:59  Drone x13  
  104  8:01  Overlord  
  104  8:03  Overlord  
  117  8:16  Queen  
  117  8:17  Drone  
  117  8:18  Drone x2  
  122  8:20  Extractor  
  122  8:21  Drone x2  
  122  8:22  Drone x3  
  122  8:23  Extractor, Drone x2  
  122  8:24  Drone  
  128  8:31  Spore Crawler  
  127  8:34  Hydralisk x4  
  127  8:35  Spore Crawler  
  134  8:45  Corruptor  
  134  8:46  Corruptor x4  
  144  8:51  Hydralisk x3  
  150  9:03  Hydralisk x7  
  164  9:15  Mutalisk x2  
  164  9:16  Mutalisk  
  170  9:18  Mutalisk  
  170  9:19  Mutalisk  
  150  9:45  Mutalisk x2  
  150  9:46  Mutalisk x6  
  166  10:16  Hydralisk  
  166  10:17  Hydralisk x10  
  166  10:21  Hatchery  
  181  10:32  Hydralisk x4  
  181  10:33  Hydralisk  
Tags
 
Matchup
PvZ
Replay Pack
Multiplayer
Spawn Locations
Close Positions
Add a new tag
Caveats
  • Supply blocks, unpowered buildings, or Contaminate may cause inaccurate times.
  • Supply counts are checked every 10 seconds.